 Dungeon Crawl Stone Soup version 0.26.0-20-g3ca415f5b8 (webtiles) character file.

Game seed: 16722090059877459838

325 kreisler the Covert (level 6, -1/41 HPs)
             Began as an Octopode Brigand on Jan 24, 2021.
             Slain by an orc warrior
             ... wielding a cursed -1 flail
              (16 damage)
             ... on level 4 of the Dungeon.
             The game lasted 00:11:53 (3210 turns).

kreisler the Covert (Octopode Brigand)              Turns: 3210, Time: 00:11:54

Health: -1/41      AC:  1    Str: 11    XL:     6   Next: 48%
Magic:  6/6        EV: 13    Int: 14    God:
Gold:   185        SH:  0    Dex: 14    Spells: 5/5 levels left

rFire    . . .     SeeInvis .   a - +4 dagger
rCold    . . .     Faith    .   (no shield)
rNeg     . . .     Spirit   .   (helmet restricted)
rPois    .         Reflect  .   (no amulet)
rElec    .         Harm     .   (no ring)
rCorr    .         Rampage  .   (no ring)
Will     .....                  (no ring)
Stlth    +++++.....             (no ring)
HPRegen  0.13/turn              (no ring)
MPRegen  0.10/turn              (no ring)
                                (no ring)
                                (no ring)

@: no status effects
A: almost no armour, stealthy swim, amphibious, 8 rings, constrict 8, camouflage
1, gelatinous body 1
a: no special abilities


You were on level 4 of the Dungeon.
You visited 1 branch of the dungeon, and saw 4 of its levels.

You collected 185 gold pieces.

Inventory:

Hand Weapons
 a - a +4 dagger (weapon)
Missiles
 b - 6 poisoned darts (quivered)
 c - 2 curare-tipped darts
Armour
 h - a +0 cloak of preservation
Jewellery
 k - an uncursed ring of resist corrosion
Wands
 f - a wand of enslavement (13)
 g - a wand of digging (4)
Scrolls
 d - 2 scrolls of immolation
 i - 2 scrolls of magic mapping
 j - 3 scrolls of remove curse
Potions
 e - 3 potions of curing
 l - a potion of heal wounds


   Skills:
 + Level 2.8 Fighting
 + Level 3.2 Short Blades
 + Level 2.9 Throwing
 + Level 1.6 Dodging
 + Level 8.6 Stealth


You had 5 spell levels left.
You didn't know any spells.
Your spell library was empty.

Dungeon Overview and Level Annotations

Branches:
Dungeon (4/15)
 Temple: D:4-7

Altars:
Kikubaaqudgha


Innate Abilities, Weirdness & Mutations

You cannot wear most types of armour.
You are very stealthy in the water. (Stealth+)
You are amphibious.
You can wear up to eight rings at the same time.
You can use your tentacles to constrict eight enemies at once.
Your skin changes colour to match your surroundings (Stealth+).
Your rubbery body absorbs attacks. (AC +1, EV +1)


Message History

An orc comes into view. It is wielding a +0 flail.
You hit the orc priest.
You kill the orc priest!
You hit the orc wizard. You grab the orc wizard. You squeeze the orc wizard!
The orc wizard is severely wounded.
You hear the brisk hiss of a distant avalanche of sand.
You constrict the orc wizard. The orc wizard closely misses you.
You hit the orc wizard.
The orc wizard is almost dead.
You constrict the orc wizard.
You kill the orc wizard!
The orc warrior hits you with a cursed -1 flail!
Things that are here:
a +0 mace; a poisoned dart You closely miss the orc warrior.
You grab the orc warrior. You squeeze the orc warrior.
The orc warrior is lightly wounded.
You constrict the orc warrior, but do no damage.
The orc warrior hits you with a cursed -1 flail!
You die...

#. ... ####.#### ...
#.. #.......#####...
#.# #............... ..
#............... #.
#.............# .
#...(.........# ####
#[..(.........# ##...
#.....@.(.....#####.##.
#.....oo......#........
#.............#.#.#.###
#######)..†...#.#.#.#
..#(....).#.#.#.###
...(......#.#.#....
...#......)#...#..†.
o...#.......#####....
o.. #.......# #.###


You could see an orc warrior and an orc.

Vanquished Creatures
  2 orc priests (D:4)
  An orc wizard (D:4)
  A worker ant (D:4)
  3 gnolls (D:3)
  8 adders
  A white imp (D:4)
  4 worms
  2 dart slugs (D:3)
  2 leopard geckos
  13 orcs
  4 bats
  A giant cockroach (D:4)
  11 goblins
  7 hobgoblins
  2 jackals (D:3)
  A quokka (D:3)
  3 ball pythons
  6 frilled lizards
  4 kobolds
  8 rats
84 creatures vanquished.

Vanquished Creatures (others)
  A human (D:4)
1 creature vanquished.

Grand Total: 85 creatures vanquished

Notes
Turn   | Place    | Note
-------+----------+-------------------------------------------
     0 | D:1      | kreisler the Octopode Brigand began the quest for the Orb.
     0 | D:1      | Reached XP level 1. HP: 14/14 MP: 1/1
   616 | D:2      | Reached skill level 6 in Stealth
   616 | D:2      | Reached XP level 2. HP: 19/19 MP: 2/2
   814 | D:2      | Reached XP level 3. HP: 13/24 MP: 3/3
  1632 | D:2      | Reached skill level 7 in Stealth
  1632 | D:2      | Reached XP level 4. HP: 29/29 MP: 4/4
  2322 | D:3      | Reached XP level 5. HP: 35/35 MP: 5/5
  2594 | D:3      | Reached skill level 8 in Stealth
  2990 | D:4      | Found an ancient bone altar of Kikubaaqudgha.
  2991 | D:4      | Noticed a human
  2993 | D:4      | Killed a human
  3167 | D:4      | Reached XP level 6. HP: 41/41 MP: 6/6
  3180 | D:4      | Noticed an orc warrior
  3210 | D:4      | Slain by an orc warrior

Illustrated notes

Levels and vault maps discovered:
D:1:      nzn_arrival_settlement, layout_basic
D:2:      minmay_diamond_boxcup, layout_basic
D:3:      layout_basic
D:4:      layout_basic, enter_ossuary_4, tgw_kikubaaqudgha

Skill      XL: |  1  2  3  4  5 |
---------------+----------------+-----
Stealth        | 6 7 8 |  8.6
Short Blades   | 3 |  3.2
Fighting       | |  2.8
Throwing       | |  2.9
Dodging        | |  1.6

Action                   |  1- 3 |  4- 6 || total
-------------------------+-------+-------++-------
Melee: Dagger            |    58 |    96 ||   154
       Tentacles         |    12 |    20 ||    32
       Constrict         |    14 |    29 ||    43
Throw: Dart              |       |    35 ||    35
  Use: Potion            |     2 |     3 ||     5
       Scroll            |     2 |     4 ||     6
 Stab: Sleeping          |    13 |    10 ||    23
       Distracted        |       |     1 ||     1
Armor: Skin              |       |     2 ||     2
Dodge: Dodged            |    18 |    34 ||    52
